 Dungeon Sprint DCSS version 0.19-a0-1922-g1e9a4c1 (webtiles) character file.

298 Crut the Grappler (level 7, -12/117 HPs)
             Began as a Troll Berserker on Oct 24, 2016.
             Was a High Priest of Trog.
             Killed from afar by Aizul (24 damage)
             ... with a bolt of poison
             ... in the Dungeon (Sprint VI: "Thunderdome").
             The game lasted 00:05:04 (796 turns).

Crut the Grappler (Troll Berserker)                  Turns: 796, Time: 00:05:08

Health: -12/117    AC:  6    Str: 31    XL:     7   Next: 64%
Magic:  15/15      EV: 13    Int:  4    God:    Trog [*****.]
Gold:   325        SH:  0    Dex: 12    Spells: 0 memorised, 6 levels left

rFire  . . .     SeeInvis +       - Unarmed
rCold  + + .     Gourm    +     m - +1 animal skin of the Crushed Seas {*Drain rElec SInv} (curse)
rNeg   + + .     Faith    .     (no shield)
rPois  .         Spirit   .     (helmet restricted)
rElec  +         Reflect  .     (no cloak)
rCorr  .         Harm     .     (gloves unavailable)
MR     .....     NoTele   +     (boots unavailable)
Stlth  ..........               (no amulet)
                                n - ring of Xaet {+Inv rC+ rN++ MP+9}
                                a - ring "Irix" {Wiz *Corrode rElec rC+ Dex+2}

@: berserking, lethally poisoned (-12 -> -38), very quick
A: unfitting armour, claws 3, fast metabolism 3, gourmand, regeneration 1,
shaggy fur 1, tough skin 2
a: Berserk, Trog's Hand, Brothers in Arms, Burn Spellbooks, Renounce Religion,
Evoke Invisibility


You were in the Dungeon.
You worshipped Trog.
Trog was extremely pleased with you.
You were very full.

You visited 1 branch You collected 600 gold pieces.
You spent 275 gold pieces at shops.

Inventory:

Armour
 m - the cursed +1 animal skin of the Crushed Seas (worn) {*Drain rElec SInv}
   (You bought it in a shop in the Dungeon)

   It insulates you from electricity.
   It lets you see invisible.
   It causes draining when unequipped.
   It has a curse placed upon it.
Jewellery
 a - the ring "Irix" (left claw) {Wiz *Corrode rElec rC+ Dex+2}
   (You bought it in a shop in the Dungeon)

   [ring of wizardry]

   It improves your spell success rate.
   It affects your dexterity (+2).
   It protects you from cold.
   It insulates you from electricity.
   It may corrode you when you take damage.
 n - the ring of Xaet (right claw) {+Inv rC+ rN++ MP+9}
   (You bought it in a shop in the Dungeon)

   [ring of magical power]

   It protects you from cold.
   It greatly protects you from negative energy.
   It affects your magic capacity (+9).
   It lets you turn invisible.
Wands
 i - a wand of acid (5/15)
 j - a wand of iceblast (5/15)
Scrolls
 h - 4 scrolls of blinking
 k - 3 scrolls of fog
Potions
 c - a potion of curing
 d - 4 potions of heal wounds
 e - 4 potions of haste
 f - 2 potions of magic
 g - a potion of berserk rage
 l - a potion of resistance
Comestibles
 b - 2 bread rations
 o - 4 chunks of flesh


   Skills:
 + Level 7.4 Fighting
 + Level 2.9 Throwing
 + Level 7.4 Dodging
 * Level 11.8 Unarmed Combat


You had 6 spell levels left.
You didn't know any spells.

Dungeon Overview and Level Annotations

Branches:
Dungeon (1/1)

Altars:
Cheibriados
Dithmenos
Fedhas
Gozag
Kikubaaqudgha
Makhleb
Okawaru
Qazlal
Ru
Sif Muna
Trog
Uskayaw
Vehumet
Xom
Yredelemnul
Zin
The Shining One
Beogh
Jiyva
Lugonu

Shops:
D *[%??*?*:[((!!!!

Annotations:
D Aizul


Innate Abilities, Weirdness & Mutations

You are too large for most types of armour.
You have claws for hands.
Your metabolism is lightning-fast.
You like to eat raw meat.
Your natural rate of healing is unusually fast.
You are covered in fur. (AC +1)
You have very tough skin. (AC +2)


Message History

You claw Aizul! Your claw misses Aizul.
Aizul is almost dead.
You feel sick. Aizul hits you.
* * * LOW HITPOINT WARNING * * *
You miss Aizul.
Aizul is almost dead.
You feel sick. Aizul hits you.
* * * LOW HITPOINT WARNING * * *
You claw Aizul!
Aizul is almost dead.
* * * LOW HITPOINT WARNING * * *
You feel sick.
You miss Aizul.
Aizul is almost dead.
* * * LOW HITPOINT WARNING * * *
You feel sick. Aizul casts a spell at you. The bolt of poison hits you!
You are more poisoned.
You die...

##.....## ##∩.....∩##
#∩.......∩# #_......._#
#_......._# #_......._#
###.........### #⌠......S....⌠#
######.8......@..8.######
##∩___..[...###......___∩##
##∩....[...8.# #.8........∩###
.............###.............##
..........###...###...)......⌠#
..........# #.<.# #..........⌠#
..........###...###..........⌠#
........[[...###.............##
##∩[.....).8.# #.8........∩###


You could see Aizul.

Vanquished Creatures
  Sigmund (D)
  Edmund (D)
  2 wolves (D)
  A bullfrog (D)
  A gnoll sergeant (D)
  A scorpion (D)
  2 jellies (D)
  A hound (D)
  2 gnoll shamans (D)
  A worker ant (D)
  A gnoll (D)
  2 adders (D)
  4 oozes (D)
  A bat skeleton (D)
  A giant cockroach (D)
  A giant cockroach zombie (D)
  A rat (D)
24 creatures vanquished.

Notes
Turn   | Place    | Note
-------+----------+-------------------------------------------
     0 | D        | Crut the Troll Berserker began the quest for the Orb.
     0 | D        | Reached XP level 1. HP: 22/22 MP: 0/0
     1 | D        | Found a corrupted altar of Lugonu.
     1 | D        | Found a deep blue altar of Sif Muna.
     2 | D        | Found a bloodstained altar of Trog.
     2 | D        | Found a burning altar of Makhleb.
     3 | D        | Found a viscous altar of Jiyva.
     4 | D        | Found Fathra's Bee Food.
     4 | D        | Found a glowing golden altar of the Shining One.
     4 | D        | Found Binlius's Identification Station.
     5 | D        | Found Gipra's Jewellery.
     5 | D        | Found Himoic's Advanced Armour.
     5 | D        | Round 1.
    17 | D        | Reached XP level 2. HP: 27/31 MP: 1/1
    33 | D        | Bought a faintly humming animal skin for 185 gold pieces
    43 | D        | Identified the cursed +1 animal skin of the Crushed Seas {*Drain rElec SInv} (You bought it in a shop in the Dungeon)
    48 | D        | Found a hide-covered altar of Uskayaw.
    49 | D        | Found a sacrificial altar of Ru.
    54 | D        | Reached skill level 4 in Unarmed Combat
    55 | D        | Found a roughly hewn altar of Beogh.
    55 | D        | Found Raxacsar's Premium Goods.
    59 | D        | Found Bippiust's Miscellaneous Merchandise.
    59 | D        | Found Ushong's Basic Armour.
    60 | D        | Found a basalt altar of Yredelemnul.
    60 | D        | Found a snail-covered altar of Cheibriados.
    60 | D        | Found Cogeur's Weapon Rack.
    92 | D        | Noticed Sigmund
    99 | D        | Killed Sigmund
    99 | D        | Reached ** piety under Trog
    99 | D        | Reached skill level 5 in Fighting
    99 | D        | Reached skill level 5 in Dodging
    99 | D        | Reached skill level 8 in Unarmed Combat
    99 | D        | Reached XP level 3. HP: 42/42 MP: 2/2
    99 | D        | Reached XP level 4. HP: 50/50 MP: 3/3
    99 | D        | Reached XP level 5. HP: 57/57 MP: 4/4
   119 | D        | Found a blossoming altar of Fedhas.
   119 | D        | Found Dyeror's Magic Scroll Shop.
   119 | D        | Found Yfacleq's Magic Scroll Shop.
   120 | D        | Found Wuwic's Must-Have Magic.
   125 | D        | Found Riogg's Staff Store.
   125 | D        | Found an ancient bone altar of Kikubaaqudgha.
   125 | D        | Found an iron altar of Okawaru.
   125 | D        | Found a shadowy altar of Dithmenos.
   134 | D        | Found a radiant altar of Vehumet.
   138 | D        | Found a shimmering altar of Xom.
   138 | D        | Found an opulent altar of Gozag.
   138 | D        | Found Xivuxym's Distillery.
   138 | D        | Found Qeamutepyso's Distillery.
   139 | D        | Found Lom Tydosa's Bottled Wisdom.
   144 | D        | Found Xeaclaz's Do-It-Yourself Clinic.
   144 | D        | Found a stormy altar of Qazlal.
   144 | D        | Found a glowing silver altar of Zin.
   149 | D        | Arena points: 12 (+12) [x2]
   169 | D        | Round 2.
   181 | D        | Reached *** piety under Trog
   233 | D        | Reached skill level 9 in Unarmed Combat
   259 | D        | Reached **** piety under Trog
   293 | D        | Arena points: 54 (+42) [x3]
   358 | D        | Round 3.
   398 | D        | Reached XP level 6. HP: 57/67 MP: 5/5
   405 | D        | Reached skill level 10 in Unarmed Combat
   446 | D        | Bought a slimy lead ring for 45 gold pieces
   446 | D        | Bought a warped brass ring for 45 gold pieces
   447 | D        | Identified the ring "Irix" {Wiz *Corrode rElec rC+ Dex+2} (You bought it in a shop in the Dungeon)
   448 | D        | Identified the ring of Xaet {+Inv rC+ rN++ MP+9} (You bought it in a shop in the Dungeon)
   450 | D        | Reached ***** piety under Trog
   486 | D        | Noticed Edmund
   493 | D        | Killed Edmund
   493 | D        | Received a gift from Trog
   493 | D        | Arena points: 138 (+84) [x4]
   550 | D        | Round 4.
   572 | D        | Reached XP level 7. HP: 69/76 MP: 6/6
   584 | D        | Reached skill level 1 in Throwing
   584 | D        | Reached skill level 11 in Unarmed Combat
   703 | D        | Arena points: 298 (+160) [x5]
   748 | D        | Round 5.
   781 | D        | Noticed Aizul
   796 | D        | Killed from afar by Aizul

Vault maps used:
D:        arena_sprint

Skill      XL: |  1  2  3  4  5  6  7 |
---------------+----------------------+-----
Fighting       | 3 5 6 7 |  7.4
Dodging        | 3 5 6 7 |  7.4
Unarmed Combat | 8 9 10 11 | 11.8
Throwing       | 2 |  2.9

Action                   |  1- 3 |  4- 6 |  7- 9 || total
-------------------------+-------+-------+-------++-------
Melee: Unarmed           |    16 |    26 |    29 ||    71
       Punch             |     1 |     2 |       ||     3
Invok: Berserk           |     1 |       |     1 ||     2
  Eat: Chunk             |     4 |     4 |     5 ||    13
Armor: Animal skin       |     5 |     3 |     4 ||    12
Dodge: Dodged            |     7 |     5 |    14 ||    26
